 Dungeon Crawl Stone Soup version 0.31-a0-79-g9ec6622867 (webtiles) character file.

Game seed: 6510454036968114538

107 Kenran the Ruffian (level 4, 0/34 HPs)
             Began as a Vampire Fighter on May 24, 2023.
             Was an Initiate of Hepliaklqana.
             Slain by an orc
             ... wielding a +0 mace of holy wrath
              (3 damage)
             ... on level 3 of the Dungeon.
             The game lasted 00:03:47 (1628 turns).

Kenran the Ruffian (Vampire Fighter)                Turns: 1628, Time: 00:03:47

Health: 0/34       AC:  6    Str: 17    XL:     4   Next: 56%
Magic:  4/4        EV:  9    Int: 10    God:    Hepliaklqana [......]
Gold:   1891       SH:  4    Dex: 13    Spells: 3/3 levels left

rFire   . . .        h - +1 demon blade (drain)
rCold   . . .        b - +0 buckler
rNeg    . . .        a - +0 scale mail
rPois   .            (no helmet)
rElec   .            (no cloak)
rCorr   .            (no gloves)
SInv    +            (no boots)
Will    .....        (no amulet) Stlth
                     (no ring)
HPRegen 0.45/turn    (no ring)
MPRegen 0.09/turn

%: no passive effects
@: mighty, healing quickly
A: alive, fangs 3, see invisible, vampiric 2
a: Exsanguinate, Renounce Religion


You were on level 3 of the Dungeon.
You worshipped Hepliaklqana.
Hepliaklqana was noncommittal.
You visited 1 branch of the dungeon, and saw 3 of its levels.

You collected 1891 gold pieces.

Inventory:

Hand Weapons
 h - a +1 demon blade of draining (weapon)
Missiles
 e - a throwing net (quivered)
Armour
 a - a +0 scale mail (worn)
 b - a +0 buckler (worn)
Scrolls
 f - a scroll of immolation {unknown}
 g - a scroll of blinking {unknown}
 j - a scroll of vulnerability {unknown}
Potions
 d - a potion of curing {unknown}
 i - a potion of brilliance {unknown}


   Skills:
 - Level 2.6 Fighting
 + Level 2.6 Long Blades
 - Level 2.4 Armour
 - Level 2.6 Shields
 - Level 4.3 Unarmed Combat


You had 3 spell levels left.
You didn't know any spells.
Your spell library contained the following spells:

 Spells                   Type           Power      Damage    Failure   Level
 Summon Forest            Summ/Tloc      0%         N/A       100%        5
 Summon Mana Viper        Hex/Summ       0%         N/A       100%        5
 Summon Cactus Giant      Summ           0%         N/A       100%        6


Dungeon Overview and Level Annotations

Branches:
Dungeon (3/15)

Altars:
Hepliaklqana
Yredelemnul


Innate Abilities, Weirdness & Mutations

Your natural rate of healing is accelerated.
You have razor-sharp teeth.
You have supernaturally acute eyesight. (SInv)
You are afflicted with vampirism and can become a bat while bloodless.


Message History

You kill the orc priest!
The orc hits you but does no damage.
The orc wizard hits you but does no damage.
A goblin comes into view. It is wielding a +0 club.
The orc wizard hits you with a +0 dagger.
The orc hits you with a +0 mace of holy wrath.
You convulse.
Your Long Blades skill increases to level 2!
You closely miss the orc wizard.
The goblin shouts!
You bite the orc wizard, but do no damage.
The orc wizard is severely wounded.
The orc hits you but does no damage.
The orc wizard hits you but does no damage.
You hit the orc wizard but do no damage.
The orc wizard is severely wounded.
The orc hits you with a +0 mace of holy wrath.
You convulse.
* * * LOW HITPOINT WARNING * * *
You block the orc wizard's attack.
You hit the orc wizard but do no damage.
The orc wizard is severely wounded.
The orc closely misses you. The orc wizard casts a spell at you.
You resist with some effort.
You closely miss the orc wizard.
The orc wizard is severely wounded.
The orc closely misses you.
The orc wizard hits you with a +0 dagger.
* * * LOW HITPOINT WARNING * * *
The orc wizard hits you but does no damage.
The orc hits you with a +0 mace of holy wrath.
* * * LOW HITPOINT WARNING * * *
You convulse.
* * * LOW HITPOINT WARNING * * *
You feel very mighty all of a sudden.
The orc hits you with a +0 mace of holy wrath.
* * * LOW HITPOINT WARNING * * *
You convulse.
You die...

#†# ##†##+## ..
##†.....#...
##..........^
##...≣≣.≣≣...
##..≣..≣.≣..≣.
##...≣≣.....≣≣.!
#........g......
#.#..≣≣o@...≣≣.
#.#..≣.o≣)≣..≣
#......≣≣.≣≣...#
###........o..##
##...........
#..........
#..........
#...........
......##...


You could see an orc wizard, an orc and a goblin.

Vanquished Creatures
  An orc priest (D:3)
  3 worms
  A dart slug (D:1)
  An orc (D:3)
  5 endoplasms (D:1)
  5 giant cockroaches
  6 hobgoblins
  7 jackals
  5 kobolds
  2 quokkas
  6 ball pythons
  3 bats
  3 frilled lizards
  5 goblins
  5 rats
58 creatures vanquished.

Notes
Turn   | Place    | Note
-------+----------+-------------------------------------------
     0 | D:1      | Kenran the Vampire Fighter began the quest for the Orb.
     0 | D:1      | Reached XP level 1. HP: 17/17 MP: 1/1
    91 | D:1      | Reached skill level 3 in Unarmed Combat
    91 | D:1      | Reached XP level 2. HP: 19/23 MP: 2/2
   318 | D:1      | Gained mutation: You are afflicted with vampirism and can
                  | become a bat while bloodless. [Vampire growth]
   318 | D:1      | Reached XP level 3. HP: 28/28 MP: 3/3
   326 | D:1      | Reached skill level 4 in Unarmed Combat
   919 | D:2      | Identified 3 scrolls of acquirement
   919 | D:2      | Acquired 829 gold pieces
   921 | D:2      | Acquired 903 gold pieces
   923 | D:2      | Acquired a +1 demon blade of draining
  1016 | D:2      | Found a faded altar of an unknown god.
  1098 | D:2      | Reached skill level 1 in Long Blades
  1307 | D:2      | Found a hazy altar of Hepliaklqana.
  1443 | D:2      | Reached XP level 4. HP: 32/34 MP: 4/4
  1499 | D:2      | Became a worshipper of Hepliaklqana the Forgotten
  1606 | D:3      | Found a basalt altar of Yredelemnul.
  1628 | D:3      | Slain by an orc

Illustrated notes

Levels and vault maps discovered:
D:1:      sevenhm_arrival_forest_fort_large_2, layout_loops_ring
D:2:      layout_basic, hellmonk_ecumenical_altar_leap_of_faith,
          serial_aquarium, aquarium_bridge_straight [aquarium_subvault_bridge,
          aquarium_subvault_balcony, aquarium_subvault_bridge,
          aquarium_subvault_wall], aquarium_bridge_square
          [aquarium_subvault_bridge, aquarium_subvault_bridge,
          aquarium_subvault_wall, aquarium_subvault_balcony], aquarium_window_1,
          aquarium_window_1, aquarium_window_1, aquarium_view_2d, basic_altar
D:3:      layout_basic, lemuel_round_altar, nicolae_overflow_hidden_temple,
          mainiacjoe_overflow_small_starburst, uniq_sigmund

Skill      XL: |  1  2  3  4 |
---------------+-------------+-----
Unarmed Combat | 3 4 |  4.3
Long Blades    | 1 2 |  2.6
Fighting       | |  2.6
Armour         | |  2.4
Shields        | |  2.6

Action                     |  1- 3 |  4- 6 || total
---------------------------+-------+-------++-------
  Melee: Unarmed           |   114 |       ||   114
         Bite              |    13 |     6 ||    19
         Demon blade       |    36 |    26 ||    62
    Use: Scroll            |     3 |       ||     3
         Potion            |       |     1 ||     1
 Armour: Scale mail        |    47 |    13 ||    60
  Dodge: Dodged            |    44 |    16 ||    60
  Block: Buckler           |    25 |     3 ||    28

Table legend: (Time is in decaauts)
 A = Elapsed time spent in this place.
 B = Non-inter-level travel time spent in this place.
 C = Inter-level travel time spent in this place.
 D = Time resting spent in this place.
 E = Time spent auto-exploring this place.
 F = Levels seen in this place.
 G = Mean time per level.
                   A        B        C        D        E       F      G
               +--------+--------+--------+--------+--------+-----+--------+
         Total |   1640 |   1522 |    118 |     73 |   1034 |   3 |  546.7 |
       Dungeon |   1640 |   1522 |    118 |     73 |   1034 |   3 |  546.7 |
               +--------+--------+--------+--------+--------+-----+--------+

Top non-repeatable levels by time:
     D:1: 888 daAuts
     D:2: 704 daAuts
     D:3: 47 daAuts
